WCHLSIM.com - West Coast Hockey League
html PUBLIC "-//W3C//DTD XHTML 1.0 Transitional//EN" "http://www.w3.org/TR/xhtml1/DTD/xhtml1-transitional.dtd"> WCHL - Game 427 - KANSAS CITY KILLERBEES vs BANFF WOLVES

KANSAS CITY KILLERBEES vs BANFF WOLVES

Created - 11 décembre 2023 at 21:55

Goals
1 2 3 OT1 SO T
KANSAS CITY KILLERBEES 0 2 0 0 0 2
BANFF WOLVES 2 0 0 0 1 3
Shots
1 2 3 OT1 SO T
KANSAS CITY KILLERBEES 8 9 8 0 3 25
BANFF WOLVES 15 15 14 2 2 46

1st period

1. BANFF WOLVES , Tyler Toffoli 12 (Timo Meier 11, Miro Heiskanen 10) at 3:13
2. BANFF WOLVES , Roope Hintz 6 (Adam Henrique 1, Eric Staal 3) at 16:36

Penalties :
Ian Cole (BAN) for Tripping (Minor) at 7:54

2nd period

3. KANSAS CITY KILLERBEES , Philipp Kurashev 8 (James van Riemsdyk 8) at 7:28
4. KANSAS CITY KILLERBEES , James van Riemsdyk 8 (Philipp Kurashev 14, MacKenzie Entwistle 4) at 13:13

Penalties :
Justin Faulk (BAN) for Tripping (Minor) at 4:31, Joel Eriksson Ek (BAN) for Roughing (Minor) at 8:51, Daniel Walcott (KCK) for Slashing (Minor) at 13:47

3rd period

No Goal

Penalties :
No Penalty

Overtime #1

No Goal

Penalties :
No Penalty

Shootout

KANSAS CITY KILLERBEES, Jakub Voracek - Stopped by Jeremy Swayman
BANFF WOLVES, Mats Zuccarello - Stopped by Ilya Samsonov
KANSAS CITY KILLERBEES, Alexis Lafreniere - Stopped by Jeremy Swayman
BANFF WOLVES, Elias Lindholm - Goal!
KANSAS CITY KILLERBEES, James van Riemsdyk - Stopped by Jeremy Swayman

Penalties :
No Penalty

Goalie Stats

Ilya Samsonov (KCK), 44 saves from 46 shots - (0,957), OTL, 6-11-3, 65:00 minutes
Jeremy Swayman (BAN), 23 saves from 25 shots - (0,920), W, 12-1-1, 65:00 minutes

Players Stats for KANSAS CITY KILLERBEES

Player Name              G  A  P  +/- PIM S  H  SB GA TA FO     MP     PP MP  PK MP  
------------------------------------------------------------------------------------
Alexis Lafreniere        0  0  0   0  0   4  2  0  0  0  0/3    21:39   3:14   1:18 
Andreas Englund          0  0  0   0  0   1  2  0  0  0  0/0    19:05   0:00   0:55 
Boone Jenner             0  0  0   0  0   2  0  1  0  0  0/0     4:18   0:00   0:00 
Daniel Walcott           0  0  0  -1  2   0  6  1  0  0  0/0    19:57   2:43   0:00 
Jacob Muzzin             0  0  0   1  0   1  4  0  0  0  0/0    22:18   3:14   0:45 
Jakub Voracek            0  0  0  -1  0   1  0  0  0  0  2/6    16:58   2:43   0:00 
James van Riemsdyk       1  1  2   1  0   1  0  0  0  0  3/8    23:11   3:14   0:41 
Jaret Anderson-Dolan     0  0  0   0  0   1  0  1  0  0  2/6     4:18   0:00   0:00 
MacKenzie Entwistle      0  1  1   1  0   0  1  0  0  0  4/23   19:20   0:00   0:00 
Mattias Ekholm           0  0  0   0  0   3  0  1  0  0  0/0    26:23   2:43   1:14 
Morgan Barron            0  0  0  -1  0   2  0  0  0  0  12/28  17:29   3:14   0:00 
Nicholas Paul            0  0  0   0  0   3  0  0  0  0  2/5    21:33   2:43   0:41 
Nicolas Aube-Kubel       0  0  0   0  0   1  0  0  0  0  0/0     4:18   0:00   0:00 
Philipp Kurashev         1  1  2   1  0   2  0  0  0  0  0/1    22:18   2:43   1:18 
Sean Walker              0  0  0   1  0   0  0  4  0  0  0/0    24:07   3:14   1:04 
Ty Emberson              0  0  0  -1  0   0  0  1  0  0  0/0    15:12   0:00   0:00 
Tyler Johnson            0  0  0   0  0   3  0  0  0  0  11/21  16:21   0:00   0:00 
Zach Aston-Reese         0  0  0  -1  0   0  0  0  0  0  0/0    14:15   0:00   0:00 

Players Stats for BANFF WOLVES

Player Name              G  A  P  +/- PIM S  H  SB GA TA FO     MP     PP MP  PK MP  
------------------------------------------------------------------------------------
Adam Henrique            0  1  1   1  0   5  1  0  0  0  3/4    18:31   0:00   3:10 
Cam Fowler               0  0  0  -1  0   2  0  0  0  0  0/0    21:59   0:00   2:58 
Elias Lindholm           0  0  0  -1  0   4  0  0  0  0  17/27  20:39   1:02   0:00 
Eric Staal               0  1  1   1  0   3  1  0  0  0  2/4    15:21   0:00   0:00 
Ian Cole                 0  0  0   0  2   0  2  0  0  0  0/0    12:40   0:00   2:22 
Jason Dickinson          0  0  0   0  0   2  0  0  0  0  1/1     5:39   0:00   3:47 
Joel Eriksson Ek         0  0  0   0  2   2  1  0  0  0  20/31  19:53   0:57   2:03 
John Tavares             0  0  0  -1  0   2  3  0  0  0  1/3    22:19   1:02   0:00 
Jordan Staal             0  0  0   0  0   0  0  0  0  0  5/7     4:29   0:00   2:37 
Justin Faulk             0  0  0  -1  2   0  1  1  0  0  0/0    22:21   1:02   2:19 
Logan O'Connor           0  0  0   0  0   0  0  0  0  0  0/0     0:00   0:00   0:00 
Mats Zuccarello          0  0  0  -1  0   1  1  0  0  0  1/3    22:36   1:02   0:17 
Miro Heiskanen           0  1  1   1  0   5  0  0  0  0  0/0    27:24   1:02   1:58 
Nick Leddy               0  0  0   0  0   0  0  0  0  0  0/0    12:36   0:00   2:17 
Quinton Hughes           0  0  0   1  0   1  0  2  0  0  0/0    27:01   0:57   0:00 
Roope Hintz              1  0  1   1  0   7  0  0  0  0  14/19  16:18   0:57   0:00 
Timo Meier               0  1  1   0  0   6  3  0  0  0  0/1    19:43   0:57   0:00 
Tyler Toffoli            1  0  1   0  0   6  1  0  0  0  1/1    19:31   0:57   0:00 

3 Stars

1 - Ilya Samsonov (KCK)
2 - James van Riemsdyk (KCK)
3 - Philipp Kurashev (KCK)

Power Play

KANSAS CITY KILLERBEES - 0 on 3 Attempt(s) - 0,00%
BANFF WOLVES - 0 on 1 Attempt(s) - 0,00%

Penalty Kill

KANSAS CITY KILLERBEES - 1 on 1 Attempt(s) - 100,00% - Score 0 goal in Penalty Kill
BANFF WOLVES - 3 on 3 Attempt(s) - 100,00% - Score 0 goal in Penalty Kill

Team Stat

KANSAS CITY KILLERBEES - Hits : 15 - Faceoff Wins : 36 - Blocked Shots : 9 - Penalty Minutes : 2
BANFF WOLVES - Hits : 14 - Faceoff Wins : 65 - Blocked Shots : 3 - Penalty Minutes : 6

Official

Referees : Peter MacDougall and Andrew Wilk
Linesman : Derek Wahl and Neil Campbell

Game Notes

No Game Note

Finance

Level 1 -- Attendance: 6059 (85,94%) -- Ticket Income 757 375 $
Level 2 -- Attendance: 5241 (88,00%) -- Ticket Income 524 100 $
Level 3 -- Attendance: 2340 (100,00%) -- Ticket Income 140 400 $
Level 4 -- Attendance: 4724 (94,48%) -- Ticket Income 212 580 $
Luxury Box -- Attendance: 930 (87,32%) -- Ticket Income 255 750 $
Game was played at the Rocky Mountains Sports Complex.
Total Attendance: 19294 (90,11%)
Total Ticket Income: 1 890 205 $
Other Expense: 18 902 $
Total Income: 1 871 303 $

KANSAS CITY KILLERBEES

5 vs 5 Forward 
   Center                   Left Wing                Right Wing               Time % Phy DF OF 
 1 MacKenzie Entwistle      James van Riemsdyk       Philipp Kurashev         32     1   2  2  
 2 Tyler Johnson            Nicholas Paul            Alexis Lafreniere        31     1   2  2  
 3 Morgan Barron            Zach Aston-Reese         Jakub Voracek            27     1   2  2  
 4 Jaret Anderson-Dolan     Boone Jenner             Nicolas Aube-Kubel       10     1   2  2  

5 vs 5 Defense 
   Defense                  Defense                                           Time % Phy DF OF 
 1 Mattias Ekholm           Andreas Englund                                   36     1   2  2  
 2 Sean Walker              Jacob Muzzin                                      34     1   2  2  
 3 Ty Emberson              Daniel Walcott                                    22     1   2  2  
 4 Mattias Ekholm           Sean Walker                                       8      1   2  2  

PowerPlay Forward 
   Center                   Left Wing                Right Wing               Time % Phy DF OF 
 1 Morgan Barron            James van Riemsdyk       Alexis Lafreniere        55     1   2  2  
 2 Jakub Voracek            Nicholas Paul            Philipp Kurashev         45     1   2  2  

PowerPlay Defense
   Defense                  Defense                                           Time % Phy DF OF 
 1 Mattias Ekholm           Daniel Walcott                                    55     1   2  2  
 2 Sean Walker              Jacob Muzzin                                      45     1   2  2  

Penalty Kill 4 Players Forward 
   Center                   Wing                     Time % Phy DF OF 
 1 Alexis Lafreniere        Philipp Kurashev         55     1   2  2  
 2 James van Riemsdyk       Nicholas Paul            45     1   2  2  

Penalty Kill 4 Players Defense
   Defense                  Defense                  Time % Phy DF OF 
 1 Mattias Ekholm           Daniel Walcott           55     1   2  2  
 2 Sean Walker              Jacob Muzzin             45     1   2  2  

Penalty Kill - 3 Players Forward 
   Forward                                           Time % Phy DF OF 
 1 Nicholas Paul                                     55     1   2  2  
 2 James van Riemsdyk                                45     1   2  2  

Penalty Kill - 3 Players Defense
   Defense                  Defense                  Time % Phy DF OF 
 1 Mattias Ekholm           Daniel Walcott           55     1   2  2  
 2 Sean Walker              Jacob Muzzin             45     1   2  2  

4 vs 4 Forward 
   Center                   Wing                     Time % Phy DF OF 
 1 Jakub Voracek            Philipp Kurashev         55     1   2  2  
 2 James van Riemsdyk       Nicholas Paul            45     1   2  2  

4 vs 4 Defense
   Defense                  Defense                  Time % Phy DF OF 
 1 Mattias Ekholm           Daniel Walcott           55     1   2  2  
 2 Sean Walker              Jacob Muzzin             45     1   2  2  

Last Minutes Offensive
   Center                   Left Wing                Right Wing               Defense                  Defense                  
   MacKenzie Entwistle      James van Riemsdyk       Nicholas Paul            Alexis Lafreniere        Andreas Englund          

Last Minutes Defensive
   Center                   Left Wing                Right Wing               Defense                  Defense                  
   MacKenzie Entwistle      James van Riemsdyk       Philipp Kurashev         Mattias Ekholm           Andreas Englund          

Goaltenders
Starting : Ilya Samsonov            
Backup : Cal Petersen             

Extra Forwards
Normal : Jakub Voracek, Morgan Barron, Zach Aston-Reese - PP : Jakub Voracek, Morgan Barron - PK : Zach Aston-Reese
Extra Defensemen
Normal : Mattias Ekholm, Daniel Walcott, Sean Walker - PP : Sean Walker - PK : Daniel Walcott, Sean Walker
Penalty Shots
Jakub Voracek, Alexis Lafreniere, James van Riemsdyk, Nicholas Paul, Philipp Kurashev
Custom OT Lines Forwards
MacKenzie Entwistle, Daniel Walcott, James van Riemsdyk, Nicholas Paul, Philipp Kurashev, Alexis Lafreniere, Jakub Voracek, Morgan Barron, Zach Aston-Reese, Jaret Anderson-Dolan
Custom OT Lines Defensemen
Mattias Ekholm, Daniel Walcott, Sean Walker, Jacob Muzzin, Andreas Englund

Scratches
Anders Bjork (Healthy), K'Andre Miller (Head Injury), Riley Stillman (Healthy), Will Butcher (Fractured Metatarsal (Left Foot) Injury)

BANFF WOLVES

5 vs 5 Forward 
   Center                   Left Wing                Right Wing               Time % Phy DF OF 
 1 Elias Lindholm           John Tavares             Mats Zuccarello          34     0   1  4  
 2 Joel Eriksson Ek         Tyler Toffoli            Timo Meier               32     0   1  4  
 3 Roope Hintz              Adam Henrique            Eric Staal               29     0   2  3  
 4 Jordan Staal             Jason Dickinson          Timo Meier               5      0   4  1  

5 vs 5 Defense 
   Defense                  Defense                                           Time % Phy DF OF 
 1 Quinton Hughes           Miro Heiskanen                                    39     0   1  4  
 2 Justin Faulk             Cam Fowler                                        35     0   1  4  
 3 Nick Leddy               Ian Cole                                          16     1   3  1  
 4 Miro Heiskanen           Quinton Hughes                                    10     0   0  5  

PowerPlay Forward 
   Center                   Left Wing                Right Wing               Time % Phy DF OF 
 1 Elias Lindholm           John Tavares             Mats Zuccarello          60     0   0  5  
 2 Joel Eriksson Ek         Tyler Toffoli            Timo Meier               40     0   0  5  

PowerPlay Defense
   Defense                  Defense                                           Time % Phy DF OF 
 1 Quinton Hughes           Roope Hintz                                       60     0   0  5  
 2 Justin Faulk             Miro Heiskanen                                    40     0   0  5  

Penalty Kill 4 Players Forward 
   Center                   Wing                     Time % Phy DF OF 
 1 Joel Eriksson Ek         Jason Dickinson          50     0   5  0  
 2 Jordan Staal             Adam Henrique            50     0   5  0  

Penalty Kill 4 Players Defense
   Defense                  Defense                  Time % Phy DF OF 
 1 Ian Cole                 Justin Faulk             50     0   5  0  
 2 Nick Leddy               Cam Fowler               50     0   5  0  

Penalty Kill - 3 Players Forward 
   Forward                                           Time % Phy DF OF 
 1 Jordan Staal                                      50     0   5  0  
 2 Adam Henrique                                     50     0   5  0  

Penalty Kill - 3 Players Defense
   Defense                  Defense                  Time % Phy DF OF 
 1 Justin Faulk             Ian Cole                 50     0   5  0  
 2 Nick Leddy               Cam Fowler               50     0   5  0  

4 vs 4 Forward 
   Center                   Wing                     Time % Phy DF OF 
 1 Joel Eriksson Ek         John Tavares             55     0   1  4  
 2 Elias Lindholm           Mats Zuccarello          45     0   1  4  

4 vs 4 Defense
   Defense                  Defense                  Time % Phy DF OF 
 1 Miro Heiskanen           Quinton Hughes           55     0   1  4  
 2 Cam Fowler               Justin Faulk             45     0   1  4  

Last Minutes Offensive
   Center                   Left Wing                Right Wing               Defense                  Defense                  
   Elias Lindholm           John Tavares             Tyler Toffoli            Miro Heiskanen           Quinton Hughes           

Last Minutes Defensive
   Center                   Left Wing                Right Wing               Defense                  Defense                  
   Joel Eriksson Ek         Jason Dickinson          Mats Zuccarello          Cam Fowler               Justin Faulk             

Goaltenders
Starting : Jeremy Swayman           
Backup : Jordan Binnington        

Extra Forwards
Normal : John Tavares, Mats Zuccarello, Elias Lindholm - PP : Mats Zuccarello, John Tavares - PK : Joel Eriksson Ek
Extra Defensemen
Normal : Quinton Hughes, Miro Heiskanen, Justin Faulk - PP : Quinton Hughes - PK : Cam Fowler, Miro Heiskanen
Penalty Shots
Mats Zuccarello, Elias Lindholm, John Tavares, Tyler Toffoli, Timo Meier
Custom OT Lines Forwards
John Tavares, Mats Zuccarello, Elias Lindholm, Tyler Toffoli, Joel Eriksson Ek, Timo Meier, Jordan Staal, Adam Henrique, Jason Dickinson, Logan O'Connor
Custom OT Lines Defensemen
Miro Heiskanen, Quinton Hughes, Justin Faulk, Cam Fowler, Nick Leddy

Scratches
Adam Erne (Healthy), Simon Benoit (Healthy)

% Time on Ice - KANSAS CITY KILLERBEES

Lines # - Real PCT - Wanted PCT - Time Play
Normal Forward
1 - 33% - 32% - 17:10
2 - 31% - 31% - 16:21
3 - 27% - 27% - 14:15
4 - 8% - 10% - 4:18
Normal Defense
1 - 35% - 36% - 18:10
2 - 33% - 34% - 16:59
3 - 29% - 22% - 15:12
4 - 3% - 8% - 1:43
PP Forward
1 - 54% - 55% - 3:14
2 - 46% - 45% - 2:43
PP Defense
1 - 46% - 55% - 2:43
2 - 54% - 45% - 3:14
PK Forward
1 - 66% - 55% - 1:18
2 - 34% - 45% - 0:41
PK Defense
1 - 62% - 55% - 1:14
2 - 38% - 45% - 0:45
PK3 Forward
1 - 0% - 55%
2 - 0% - 45%
PK3 Defense
1 - 0% - 55%
2 - 0% - 45%
44 Forward
1 - 0% - 55%
2 - 0% - 45%
44 Defense
1 - 0% - 55%
2 - 0% - 45%
Last Minute Offensive  - 0:00
Last Minute Defensive  - 0:00
Total
Forward - 60:00
Defense - 60:00

% Time on Ice - BANFF WOLVES

Lines # - Real PCT - Wanted PCT - Time Play
Normal Forward
1 - 34% - 34% - 17:57
2 - 32% - 32% - 16:54
3 - 29% - 29% - 15:21
4 - 4% - 5% - 1:52
Normal Defense
1 - 37% - 39% - 19:18
2 - 37% - 35% - 19:01
3 - 20% - 16% - 10:19
4 - 7% - 10% - 3:26
PP Forward
1 - 52% - 60% - 1:02
2 - 48% - 40% - 0:57
PP Defense
1 - 48% - 60% - 0:57
2 - 52% - 40% - 1:02
PK Forward
1 - 56% - 50% - 3:20
2 - 44% - 50% - 2:37
PK Defense
1 - 62% - 50% - 3:40
2 - 38% - 50% - 2:17
PK3 Forward
1 - 0% - 50%
2 - 0% - 50%
PK3 Defense
1 - 0% - 50%
2 - 0% - 50%
44 Forward
1 - 0% - 55%
2 - 0% - 45%
44 Defense
1 - 0% - 55%
2 - 0% - 45%
Last Minute Offensive  - 0:00
Last Minute Defensive  - 0:00
Total
Forward - 60:00
Defense - 60:00

Play-by-Play

1st period


0:01 of 1st period - Elias Lindholm wins face-off versus MacKenzie Entwistle in neutral zone.
0:11 of 1st period - Icing by Philipp Kurashev.
0:12 of 1st period - Joel Eriksson Ek wins face-off versus MacKenzie Entwistle in KANSAS CITY KILLERBEES zone.
1:04 of 1st period - Shot by Alexis Lafreniere.
1:04 of 1st period - Stopped by Jeremy Swayman without a rebound.
1:05 of 1st period - Roope Hintz wins face-off versus Morgan Barron in BANFF WOLVES zone.
1:33 of 1st period - Icing by Miro Heiskanen.
1:34 of 1st period - Tyler Johnson wins face-off versus Roope Hintz in BANFF WOLVES zone.
1:43 of 1st period - Shot by Tyler Johnson.
1:43 of 1st period - Shot Misses the Net.
1:49 of 1st period - Shot by Adam Henrique.
1:49 of 1st period - Shot Misses the Net.
1:51 of 1st period - Shot by Eric Staal.
1:51 of 1st period - Deflect By Roope Hintz.
1:51 of 1st period - Shot Misses the Net.
2:32 of 1st period - Shot by Elias Lindholm.
2:32 of 1st period - Stopped by Ilya Samsonov without a rebound.
2:33 of 1st period - Jordan Staal wins face-off versus Jaret Anderson-Dolan in KANSAS CITY KILLERBEES zone.
2:46 of 1st period - Shot by Jordan Staal.
2:46 of 1st period - Shot Blocked by Boone Jenner.
2:50 of 1st period - Shot by Timo Meier.
2:50 of 1st period - Stopped by Ilya Samsonov without a rebound.
2:51 of 1st period - Jakub Voracek wins face-off versus Elias Lindholm in KANSAS CITY KILLERBEES zone.
3:03 of 1st period - Off-side.
3:04 of 1st period - Joel Eriksson Ek wins face-off versus MacKenzie Entwistle in neutral zone.
3:13 of 1st period - Shot by Timo Meier.
3:13 of 1st period - Deflect By Tyler Toffoli.
3:13 of 1st period - Goal by Tyler Toffoli - KANSAS CITY KILLERBEES : 0 - BANFF WOLVES : 1.
3:14 of 1st period - Elias Lindholm wins face-off versus Morgan Barron in neutral zone.
3:19 of 1st period - Shot by Elias Lindholm.
3:19 of 1st period - Shot Misses the Net.
3:25 of 1st period - Shot by Elias Lindholm.
3:25 of 1st period - Stopped by Ilya Samsonov without a rebound.
3:26 of 1st period - MacKenzie Entwistle wins face-off versus Timo Meier in KANSAS CITY KILLERBEES zone.
4:39 of 1st period - Shot by Jakub Voracek.
4:39 of 1st period - Stopped by Jeremy Swayman without a rebound.
4:40 of 1st period - Tyler Johnson wins face-off versus Elias Lindholm in BANFF WOLVES zone.
5:10 of 1st period - Shot by Elias Lindholm.
5:10 of 1st period - Stopped by Ilya Samsonov without a rebound.
5:11 of 1st period - Jaret Anderson-Dolan wins face-off versus Eric Staal in KANSAS CITY KILLERBEES zone.
5:29 of 1st period - Shot by Boone Jenner.
5:29 of 1st period - Shot Misses the Net.
5:31 of 1st period - Shot by Boone Jenner.
5:31 of 1st period - Stopped by Jeremy Swayman without a rebound.
5:32 of 1st period - Elias Lindholm wins face-off versus Morgan Barron in BANFF WOLVES zone.
6:10 of 1st period - Shot by Mats Zuccarello.
6:10 of 1st period - Shot Misses the Net.
6:12 of 1st period - Shot by Miro Heiskanen.
6:12 of 1st period - Shot Blocked by Sean Walker.
6:43 of 1st period - Shot by Roope Hintz.
6:43 of 1st period - Stopped by Ilya Samsonov without a rebound.
6:44 of 1st period - Nicholas Paul wins face-off versus Jordan Staal in KANSAS CITY KILLERBEES zone.
7:15 of 1st period - Shot by Jason Dickinson.
7:15 of 1st period - Stopped by Ilya Samsonov without a rebound.
7:16 of 1st period - Eric Staal wins face-off versus MacKenzie Entwistle in KANSAS CITY KILLERBEES zone.
7:16 of 1st period - Eric Staal is hit by Daniel Walcott.
7:28 of 1st period - Shot by Eric Staal.
7:28 of 1st period - Shot Misses the Net.
7:51 of 1st period - James van Riemsdyk is hit by Ian Cole.
7:54 of 1st period - Minor Penalty to Ian Cole for Tripping.
7:55 of 1st period - Joel Eriksson Ek wins face-off versus Jakub Voracek in BANFF WOLVES zone.
9:06 of 1st period - Shot by Morgan Barron.
9:06 of 1st period - Stopped by Jeremy Swayman without a rebound.
9:07 of 1st period - Jason Dickinson wins face-off versus James van Riemsdyk in BANFF WOLVES zone.
9:47 of 1st period - Icing by Sean Walker.
9:48 of 1st period - Morgan Barron wins face-off versus Joel Eriksson Ek in KANSAS CITY KILLERBEES zone.
10:29 of 1st period - Shot by Nicolas Aube-Kubel.
10:29 of 1st period - Shot Misses the Net.
10:31 of 1st period - Shot by Jaret Anderson-Dolan.
10:31 of 1st period - Stopped by Jeremy Swayman with a rebound.
10:53 of 1st period - Nicholas Paul is hit by Timo Meier and loses puck.
11:08 of 1st period - Icing by Nicholas Paul.
11:09 of 1st period - Tyler Johnson wins face-off versus Roope Hintz in KANSAS CITY KILLERBEES zone.
11:38 of 1st period - Shot by Roope Hintz.
11:38 of 1st period - Stopped by Ilya Samsonov without a rebound.
11:39 of 1st period - Joel Eriksson Ek wins face-off versus MacKenzie Entwistle in KANSAS CITY KILLERBEES zone.
11:58 of 1st period - Shot by Philipp Kurashev.
11:58 of 1st period - Stopped by Jeremy Swayman without a rebound.
11:59 of 1st period - Elias Lindholm wins face-off versus Morgan Barron in BANFF WOLVES zone.
12:10 of 1st period - Shot by Mats Zuccarello.
12:10 of 1st period - Shot Misses the Net.
13:04 of 1st period - Shot by Joel Eriksson Ek.
13:04 of 1st period - Shot Misses the Net.
13:16 of 1st period - Shot by Timo Meier.
13:16 of 1st period - Stopped by Ilya Samsonov without a rebound.
13:17 of 1st period - Roope Hintz wins face-off versus Jaret Anderson-Dolan in KANSAS CITY KILLERBEES zone.
13:32 of 1st period - Shot by Roope Hintz.
13:32 of 1st period - Shot Misses the Net.
13:34 of 1st period - Shot by Nick Leddy.
13:34 of 1st period - Shot Blocked by Ty Emberson.
13:36 of 1st period - Shot by Eric Staal.
13:36 of 1st period - Stopped by Ilya Samsonov with a rebound.
13:38 of 1st period - Shot by Roope Hintz.
13:38 of 1st period - Shot Misses the Net.
13:40 of 1st period - Shot by Eric Staal.
13:40 of 1st period - Shot Misses the Net.
13:46 of 1st period - Shot by Roope Hintz.
13:46 of 1st period - Shot Misses the Net.
13:48 of 1st period - Shot by Ian Cole.
13:48 of 1st period - Shot Blocked by Jaret Anderson-Dolan.
13:58 of 1st period - Shot by Roope Hintz.
13:58 of 1st period - Stopped by Ilya Samsonov without a rebound.
13:59 of 1st period - Tyler Toffoli wins face-off versus Nicholas Paul in KANSAS CITY KILLERBEES zone.
14:10 of 1st period - Shot by Tyler Toffoli.
14:10 of 1st period - Stopped by Ilya Samsonov without a rebound.
14:11 of 1st period - James van Riemsdyk wins face-off versus Elias Lindholm in KANSAS CITY KILLERBEES zone.
15:28 of 1st period - Icing by Mattias Ekholm.
15:29 of 1st period - Tyler Johnson wins face-off versus Adam Henrique in KANSAS CITY KILLERBEES zone.
15:42 of 1st period - Shot by Nicholas Paul.
15:42 of 1st period - Stopped by Jeremy Swayman without a rebound.
15:43 of 1st period - Morgan Barron wins face-off versus Joel Eriksson Ek in BANFF WOLVES zone.
16:14 of 1st period - Icing by Zach Aston-Reese.
16:15 of 1st period - Roope Hintz wins face-off versus Morgan Barron in KANSAS CITY KILLERBEES zone.
16:19 of 1st period - Roope Hintz is hit by Daniel Walcott and loses puck.
16:34 of 1st period - Shot by Roope Hintz.
16:34 of 1st period - Shot Misses the Net.
16:36 of 1st period - Shot by Adam Henrique.
16:36 of 1st period - Deflect By Roope Hintz.
16:36 of 1st period - Goal by Roope Hintz - KANSAS CITY KILLERBEES : 0 - BANFF WOLVES : 2.
16:37 of 1st period - Tyler Johnson wins face-off versus Mats Zuccarello in neutral zone.
17:02 of 1st period - Icing by Mattias Ekholm.
17:03 of 1st period - Joel Eriksson Ek wins face-off versus Tyler Johnson in KANSAS CITY KILLERBEES zone.
17:09 of 1st period - Off-side.
17:10 of 1st period - Roope Hintz wins face-off versus MacKenzie Entwistle in neutral zone.
17:31 of 1st period - Shot by Philipp Kurashev.
17:31 of 1st period - Shot Misses the Net.
17:49 of 1st period - Shot by Roope Hintz.
17:49 of 1st period - Stopped by Ilya Samsonov with a rebound.
18:27 of 1st period - Shot by Alexis Lafreniere.
18:27 of 1st period - Stopped by Jeremy Swayman without a rebound.
18:28 of 1st period - Jakub Voracek wins face-off versus Elias Lindholm in BANFF WOLVES zone.
18:37 of 1st period - Shot by Zach Aston-Reese.
18:37 of 1st period - Shot Misses the Net.
19:46 of 1st period - Off-side.
19:47 of 1st period - Roope Hintz wins face-off versus Tyler Johnson in neutral zone.
19:56 of 1st period - Shot by Adam Henrique.
19:56 of 1st period - Stopped by Ilya Samsonov without a rebound.
19:57 of 1st period - MacKenzie Entwistle wins face-off versus Jordan Staal in KANSAS CITY KILLERBEES zone.
Goals for this period are 0 for KANSAS CITY KILLERBEES vs 2 for BANFF WOLVES.
Shots for this period are 8 for KANSAS CITY KILLERBEES vs 15 for BANFF WOLVES.

2nd period


0:01 of 2nd period - Tyler Johnson wins face-off versus Joel Eriksson Ek in neutral zone.
0:03 of 2nd period - Off-side.
0:04 of 2nd period - Joel Eriksson Ek wins face-off versus Tyler Johnson in neutral zone.
0:20 of 2nd period - Quinton Hughes is hit by Andreas Englund.
0:38 of 2nd period - Shot by Tyler Johnson.
0:38 of 2nd period - Stopped by Jeremy Swayman without a rebound.
0:39 of 2nd period - Roope Hintz wins face-off versus MacKenzie Entwistle in BANFF WOLVES zone.
0:56 of 2nd period - Shot by Philipp Kurashev.
0:56 of 2nd period - Shot Hit the Post.
1:17 of 2nd period - Roope Hintz is hit by Jacob Muzzin and loses puck.
1:20 of 2nd period - Shot by Adam Henrique.
1:20 of 2nd period - Shot Misses the Net.
1:22 of 2nd period - Shot by Eric Staal.
1:22 of 2nd period - Shot Misses the Net.
1:24 of 2nd period - Shot by Adam Henrique.
1:24 of 2nd period - Stopped by Ilya Samsonov with a rebound.
2:26 of 2nd period - Shot by Alexis Lafreniere.
2:26 of 2nd period - Stopped by Jeremy Swayman without a rebound.
2:27 of 2nd period - Morgan Barron wins face-off versus Joel Eriksson Ek in BANFF WOLVES zone.
2:29 of 2nd period - Zach Aston-Reese is hit by Ian Cole and loses puck.
2:33 of 2nd period - Icing by Nick Leddy.
2:34 of 2nd period - Joel Eriksson Ek wins face-off versus Morgan Barron in BANFF WOLVES zone.
3:04 of 2nd period - Shot by Timo Meier.
3:04 of 2nd period - Stopped by Ilya Samsonov without a rebound.
3:05 of 2nd period - Roope Hintz wins face-off versus Tyler Johnson in KANSAS CITY KILLERBEES zone.
3:22 of 2nd period - Shot by Alexis Lafreniere.
3:22 of 2nd period - Shot Misses the Net.
3:24 of 2nd period - Shot by Mattias Ekholm.
3:24 of 2nd period - Stopped by Jeremy Swayman with a rebound.
3:57 of 2nd period - Icing by Cam Fowler.
3:58 of 2nd period - Roope Hintz wins face-off versus MacKenzie Entwistle in BANFF WOLVES zone.
4:11 of 2nd period - James van Riemsdyk is hit by Justin Faulk and loses puck.
4:31 of 2nd period - Minor Penalty to Justin Faulk for Tripping.
4:32 of 2nd period - Joel Eriksson Ek wins face-off versus Jakub Voracek in BANFF WOLVES zone.
4:45 of 2nd period - Shot by Nicholas Paul.
4:45 of 2nd period - Shot Misses the Net.
4:47 of 2nd period - Shot by Mattias Ekholm.
4:47 of 2nd period - Shot Misses the Net.
5:28 of 2nd period - Icing by James van Riemsdyk.
5:29 of 2nd period - Morgan Barron wins face-off versus Joel Eriksson Ek in KANSAS CITY KILLERBEES zone.
5:31 of 2nd period - Icing by James van Riemsdyk.
5:32 of 2nd period - Joel Eriksson Ek wins face-off versus Morgan Barron in KANSAS CITY KILLERBEES zone.
7:02 of 2nd period - Shot by Elias Lindholm.
7:02 of 2nd period - Shot Misses the Net.
7:28 of 2nd period - Shot by Philipp Kurashev.
7:28 of 2nd period - Goal by Philipp Kurashev - KANSAS CITY KILLERBEES : 1 - BANFF WOLVES : 2.
7:29 of 2nd period - Joel Eriksson Ek wins face-off versus Tyler Johnson in neutral zone.
7:55 of 2nd period - Shot by Nicholas Paul.
7:55 of 2nd period - Deflect By Tyler Johnson.
7:55 of 2nd period - Stopped by Jeremy Swayman with a rebound.
8:00 of 2nd period - Off-side.
8:01 of 2nd period - Adam Henrique wins face-off versus Morgan Barron in neutral zone.
8:03 of 2nd period - Off-side.
8:04 of 2nd period - Roope Hintz wins face-off versus Morgan Barron in neutral zone.
8:38 of 2nd period - Shot by Eric Staal.
8:38 of 2nd period - Stopped by Ilya Samsonov without a rebound.
8:39 of 2nd period - Joel Eriksson Ek wins face-off versus James van Riemsdyk in KANSAS CITY KILLERBEES zone.
8:51 of 2nd period - Minor Penalty to Joel Eriksson Ek for Roughing.
8:52 of 2nd period - Adam Henrique wins face-off versus Jakub Voracek in BANFF WOLVES zone.
9:01 of 2nd period - Shot by Nicholas Paul.
9:01 of 2nd period - Shot Misses the Net.
9:03 of 2nd period - Shot by Jakub Voracek.
9:03 of 2nd period - Shot Misses the Net.
9:05 of 2nd period - Shot by Mattias Ekholm.
9:05 of 2nd period - Stopped by Jeremy Swayman without a rebound.
9:06 of 2nd period - Jordan Staal wins face-off versus Morgan Barron in BANFF WOLVES zone.
9:06 of 2nd period - Jordan Staal is hit by Alexis Lafreniere.
9:21 of 2nd period - Icing by Sean Walker.
9:22 of 2nd period - Adam Henrique wins face-off versus Morgan Barron in KANSAS CITY KILLERBEES zone.
9:22 of 2nd period - Adam Henrique is hit by Jacob Muzzin.
9:31 of 2nd period - Shot by Jason Dickinson.
9:31 of 2nd period - Shot Misses the Net.
9:33 of 2nd period - Shot by Jason Dickinson.
9:33 of 2nd period - Stopped by Ilya Samsonov without a rebound.
9:34 of 2nd period - Jordan Staal wins face-off versus Jakub Voracek in KANSAS CITY KILLERBEES zone.
10:09 of 2nd period - Shot by Mattias Ekholm.
10:09 of 2nd period - Shot Misses the Net.
10:13 of 2nd period - Shot by Nicholas Paul.
10:13 of 2nd period - Shot Blocked by Justin Faulk.
11:01 of 2nd period - Shot by Nicolas Aube-Kubel.
11:01 of 2nd period - Shot Misses the Net.
11:03 of 2nd period - Shot by Boone Jenner.
11:03 of 2nd period - Shot Misses the Net.
11:05 of 2nd period - Shot by Nicolas Aube-Kubel.
11:05 of 2nd period - Stopped by Jeremy Swayman without a rebound.
11:06 of 2nd period - Elias Lindholm wins face-off versus Jaret Anderson-Dolan in BANFF WOLVES zone.
11:13 of 2nd period - Shot by Mats Zuccarello.
11:13 of 2nd period - Shot Misses the Net.
11:24 of 2nd period - Shot by Elias Lindholm.
11:24 of 2nd period - Stopped by Ilya Samsonov without a rebound.
11:25 of 2nd period - Joel Eriksson Ek wins face-off versus MacKenzie Entwistle in KANSAS CITY KILLERBEES zone.
11:32 of 2nd period - Shot by Tyler Toffoli.
11:32 of 2nd period - Stopped by Ilya Samsonov with a rebound.
11:34 of 2nd period - Shot by Tyler Toffoli.
11:34 of 2nd period - Stopped by Ilya Samsonov without a rebound.
11:35 of 2nd period - Elias Lindholm wins face-off versus Tyler Johnson in KANSAS CITY KILLERBEES zone.
11:58 of 2nd period - Elias Lindholm is hit by Alexis Lafreniere and loses puck.
12:42 of 2nd period - Icing by Justin Faulk.
12:43 of 2nd period - Joel Eriksson Ek wins face-off versus Philipp Kurashev in BANFF WOLVES zone.
12:43 of 2nd period - Joel Eriksson Ek is hit by MacKenzie Entwistle.
12:59 of 2nd period - Shot by MacKenzie Entwistle.
12:59 of 2nd period - Shot Misses the Net.
13:13 of 2nd period - Shot by James van Riemsdyk.
13:13 of 2nd period - Goal by James van Riemsdyk - KANSAS CITY KILLERBEES : 2 - BANFF WOLVES : 2.
13:14 of 2nd period - Roope Hintz wins face-off versus Morgan Barron in neutral zone.
13:34 of 2nd period - Shot by Adam Henrique.
13:34 of 2nd period - Shot Misses the Net.
13:45 of 2nd period - Adam Henrique is hit by Daniel Walcott and loses puck.
13:47 of 2nd period - Minor Penalty to Daniel Walcott for Slashing.
13:48 of 2nd period - Elias Lindholm wins face-off versus Alexis Lafreniere in KANSAS CITY KILLERBEES zone.
13:49 of 2nd period - Shot by Miro Heiskanen.
13:49 of 2nd period - Shot Misses the Net.
14:05 of 2nd period - Shot by Miro Heiskanen.
14:05 of 2nd period - Stopped by Ilya Samsonov without a rebound.
14:06 of 2nd period - Joel Eriksson Ek wins face-off versus Alexis Lafreniere in KANSAS CITY KILLERBEES zone.
14:19 of 2nd period - Shot by Alexis Lafreniere.
14:19 of 2nd period - Shot Misses the Net.
14:37 of 2nd period - Shot by Tyler Toffoli.
14:37 of 2nd period - Deflect By Joel Eriksson Ek.
14:37 of 2nd period - Stopped by Ilya Samsonov without a rebound.
14:38 of 2nd period - Elias Lindholm wins face-off versus James van Riemsdyk in KANSAS CITY KILLERBEES zone.
15:02 of 2nd period - Shot by Miro Heiskanen.
15:02 of 2nd period - Stopped by Ilya Samsonov without a rebound.
15:03 of 2nd period - Joel Eriksson Ek wins face-off versus James van Riemsdyk in KANSAS CITY KILLERBEES zone.
15:04 of 2nd period - Shot by Quinton Hughes.
15:04 of 2nd period - Shot Misses the Net.
15:18 of 2nd period - Jacob Muzzin is hit by Joel Eriksson Ek and loses puck.
15:27 of 2nd period - Shot by Quinton Hughes.
15:27 of 2nd period - Stopped by Ilya Samsonov without a rebound.
15:28 of 2nd period - James van Riemsdyk wins face-off versus Elias Lindholm in KANSAS CITY KILLERBEES zone.
16:03 of 2nd period - Shot by Roope Hintz.
16:03 of 2nd period - Deflect By Eric Staal.
16:03 of 2nd period - Stopped by Ilya Samsonov without a rebound.
16:04 of 2nd period - Morgan Barron wins face-off versus Joel Eriksson Ek in KANSAS CITY KILLERBEES zone.
16:04 of 2nd period - Morgan Barron is hit by Timo Meier.
16:26 of 2nd period - Shot by Timo Meier.
16:26 of 2nd period - Stopped by Ilya Samsonov without a rebound.
16:27 of 2nd period - Elias Lindholm wins face-off versus MacKenzie Entwistle in KANSAS CITY KILLERBEES zone.
16:28 of 2nd period - Shot by John Tavares.
16:28 of 2nd period - Shot Misses the Net.
16:41 of 2nd period - Shot by Philipp Kurashev.
16:41 of 2nd period - Deflect By James van Riemsdyk.
16:41 of 2nd period - Shot Misses the Net.
16:43 of 2nd period - Shot by Andreas Englund.
16:43 of 2nd period - Stopped by Jeremy Swayman without a rebound.
16:44 of 2nd period - Joel Eriksson Ek wins face-off versus Tyler Johnson in BANFF WOLVES zone.
17:03 of 2nd period - Shot by Timo Meier.
17:03 of 2nd period - Stopped by Ilya Samsonov with a rebound.
17:05 of 2nd period - Shot by Quinton Hughes.
17:05 of 2nd period - Shot Hit the Post.
17:07 of 2nd period - Shot by Tyler Toffoli.
17:07 of 2nd period - Stopped by Ilya Samsonov without a rebound.
17:08 of 2nd period - Elias Lindholm wins face-off versus MacKenzie Entwistle in KANSAS CITY KILLERBEES zone.
18:20 of 2nd period - Off-side.
18:21 of 2nd period - Joel Eriksson Ek wins face-off versus Morgan Barron in neutral zone.
18:23 of 2nd period - Quinton Hughes is hit by Daniel Walcott and loses puck.
18:56 of 2nd period - Tyler Toffoli is hit by Daniel Walcott and loses puck.
19:26 of 2nd period - Shot by Adam Henrique.
19:26 of 2nd period - Shot Misses the Net.
19:28 of 2nd period - Shot by Roope Hintz.
19:28 of 2nd period - Shot Misses the Net.
19:30 of 2nd period - Shot by Nick Leddy.
19:30 of 2nd period - Shot Misses the Net.
19:32 of 2nd period - Shot by Ian Cole.
19:32 of 2nd period - Shot Misses the Net.
19:44 of 2nd period - Shot by Adam Henrique.
19:44 of 2nd period - Shot Blocked by Sean Walker.
19:46 of 2nd period - Shot by Adam Henrique.
19:46 of 2nd period - Shot Blocked by Sean Walker.
19:51 of 2nd period - Roope Hintz is hit by Jacob Muzzin.
19:55 of 2nd period - Shot by Adam Henrique.
19:55 of 2nd period - Deflect By Eric Staal.
19:55 of 2nd period - Shot Misses the Net.
Goals for this period are 2 for KANSAS CITY KILLERBEES vs 0 for BANFF WOLVES.
Shots for this period are 9 for KANSAS CITY KILLERBEES vs 15 for BANFF WOLVES.

3rd period


0:01 of 3rd period - Elias Lindholm wins face-off versus MacKenzie Entwistle in neutral zone.
0:18 of 3rd period - Shot by Mattias Ekholm.
0:18 of 3rd period - Stopped by Jeremy Swayman without a rebound.
0:19 of 3rd period - Morgan Barron wins face-off versus Joel Eriksson Ek in BANFF WOLVES zone.
0:25 of 3rd period - Icing by Joel Eriksson Ek.
0:26 of 3rd period - Tyler Johnson wins face-off versus Joel Eriksson Ek in BANFF WOLVES zone.
0:31 of 3rd period - Shot by Alexis Lafreniere.
0:31 of 3rd period - Deflect By Tyler Johnson.
0:31 of 3rd period - Shot Misses the Net.
0:36 of 3rd period - Cam Fowler is hit by Jacob Muzzin and loses puck.
0:57 of 3rd period - Shot by Timo Meier.
0:57 of 3rd period - Deflect By Tyler Toffoli.
0:57 of 3rd period - Shot Blocked by Sean Walker.
0:59 of 3rd period - Shot by Cam Fowler.
0:59 of 3rd period - Stopped by Ilya Samsonov without a rebound.
1:00 of 3rd period - Elias Lindholm wins face-off versus James van Riemsdyk in KANSAS CITY KILLERBEES zone.
1:01 of 3rd period - Shot by John Tavares.
1:01 of 3rd period - Shot Blocked by Mattias Ekholm.
1:23 of 3rd period - Shot by James van Riemsdyk.
1:23 of 3rd period - Shot Misses the Net.
2:00 of 3rd period - Zach Aston-Reese is hit by John Tavares and loses puck.
2:15 of 3rd period - Shot by Morgan Barron.
2:15 of 3rd period - Stopped by Jeremy Swayman without a rebound.
2:16 of 3rd period - Joel Eriksson Ek wins face-off versus Nicholas Paul in BANFF WOLVES zone.
2:57 of 3rd period - Shot by Nicholas Paul.
2:57 of 3rd period - Stopped by Jeremy Swayman without a rebound.
2:58 of 3rd period - Morgan Barron wins face-off versus Eric Staal in BANFF WOLVES zone.
3:22 of 3rd period - Shot by Adam Henrique.
3:22 of 3rd period - Stopped by Ilya Samsonov without a rebound.
3:23 of 3rd period - Elias Lindholm wins face-off versus MacKenzie Entwistle in KANSAS CITY KILLERBEES zone.
4:01 of 3rd period - Icing by Miro Heiskanen.
4:02 of 3rd period - Elias Lindholm wins face-off versus Morgan Barron in BANFF WOLVES zone.
4:36 of 3rd period - Zach Aston-Reese is hit by Mats Zuccarello and loses puck.
4:50 of 3rd period - Shot by Adam Henrique.
4:50 of 3rd period - Shot Misses the Net.
4:52 of 3rd period - Shot by Justin Faulk.
4:52 of 3rd period - Shot Misses the Net.
5:10 of 3rd period - Shot by Roope Hintz.
5:10 of 3rd period - Stopped by Ilya Samsonov without a rebound.
5:11 of 3rd period - Joel Eriksson Ek wins face-off versus MacKenzie Entwistle in KANSAS CITY KILLERBEES zone.
5:36 of 3rd period - Shot by Joel Eriksson Ek.
5:36 of 3rd period - Deflect By Timo Meier.
5:36 of 3rd period - Stopped by Ilya Samsonov without a rebound.
5:37 of 3rd period - Tyler Johnson wins face-off versus Roope Hintz in KANSAS CITY KILLERBEES zone.
6:14 of 3rd period - Mattias Ekholm is hit by Adam Henrique and loses puck.
7:14 of 3rd period - Shot by Joel Eriksson Ek.
7:14 of 3rd period - Shot Blocked by Daniel Walcott.
7:28 of 3rd period - Shot by Miro Heiskanen.
7:28 of 3rd period - Stopped by Ilya Samsonov without a rebound.
7:29 of 3rd period - Morgan Barron wins face-off versus Elias Lindholm in KANSAS CITY KILLERBEES zone.
7:41 of 3rd period - Off-side.
7:42 of 3rd period - Elias Lindholm wins face-off versus Nicholas Paul in neutral zone.
7:50 of 3rd period - Icing by Mattias Ekholm.
7:51 of 3rd period - Elias Lindholm wins face-off versus Tyler Johnson in KANSAS CITY KILLERBEES zone.
8:48 of 3rd period - Icing by Ty Emberson.
8:49 of 3rd period - Morgan Barron wins face-off versus Joel Eriksson Ek in KANSAS CITY KILLERBEES zone.
9:38 of 3rd period - Mattias Ekholm is hit by Tyler Toffoli and loses puck.
10:24 of 3rd period - Shot by Adam Henrique.
10:24 of 3rd period - Stopped by Ilya Samsonov without a rebound.
10:25 of 3rd period - Tyler Johnson wins face-off versus Elias Lindholm in KANSAS CITY KILLERBEES zone.
10:45 of 3rd period - Icing by Nicholas Paul.
10:46 of 3rd period - Jordan Staal wins face-off versus Alexis Lafreniere in KANSAS CITY KILLERBEES zone.
12:01 of 3rd period - Icing by Morgan Barron.
12:02 of 3rd period - Morgan Barron wins face-off versus Elias Lindholm in KANSAS CITY KILLERBEES zone.
12:49 of 3rd period - Shot by John Tavares.
12:49 of 3rd period - Stopped by Ilya Samsonov with a rebound.
13:20 of 3rd period - Shot by Nicholas Paul.
13:20 of 3rd period - Shot Misses the Net.
13:24 of 3rd period - Shot by Tyler Johnson.
13:24 of 3rd period - Shot Blocked by Quinton Hughes.
13:26 of 3rd period - Shot by Alexis Lafreniere.
13:26 of 3rd period - Shot Misses the Net.
13:28 of 3rd period - Shot by Jacob Muzzin.
13:28 of 3rd period - Stopped by Jeremy Swayman without a rebound.
13:29 of 3rd period - Jaret Anderson-Dolan wins face-off versus Roope Hintz in BANFF WOLVES zone.
13:51 of 3rd period - Shot by Roope Hintz.
13:51 of 3rd period - Shot Misses the Net.
13:53 of 3rd period - Shot by Roope Hintz.
13:53 of 3rd period - Shot Misses the Net.
13:55 of 3rd period - Shot by Cam Fowler.
13:55 of 3rd period - Shot Misses the Net.
13:57 of 3rd period - Shot by Cam Fowler.
13:57 of 3rd period - Stopped by Ilya Samsonov without a rebound.
13:58 of 3rd period - Tyler Johnson wins face-off versus Elias Lindholm in KANSAS CITY KILLERBEES zone.
14:09 of 3rd period - Alexis Lafreniere is hit by John Tavares and loses puck.
14:42 of 3rd period - Shot by Elias Lindholm.
14:42 of 3rd period - Shot Misses the Net.
14:44 of 3rd period - Shot by Mats Zuccarello.
14:44 of 3rd period - Stopped by Ilya Samsonov without a rebound.
14:45 of 3rd period - James van Riemsdyk wins face-off versus Joel Eriksson Ek in KANSAS CITY KILLERBEES zone.
14:45 of 3rd period - Philipp Kurashev is hit by Timo Meier and loses puck.
14:58 of 3rd period - Joel Eriksson Ek is hit by Andreas Englund and loses puck.
15:31 of 3rd period - Off-side.
15:32 of 3rd period - Eric Staal wins face-off versus Morgan Barron in neutral zone.
15:39 of 3rd period - Shot by Roope Hintz.
15:39 of 3rd period - Stopped by Ilya Samsonov without a rebound.
15:40 of 3rd period - Roope Hintz wins face-off versus Tyler Johnson in KANSAS CITY KILLERBEES zone.
15:52 of 3rd period - Shot by Nicholas Paul.
15:52 of 3rd period - Shot Misses the Net.
15:56 of 3rd period - Shot by Nicholas Paul.
15:56 of 3rd period - Stopped by Jeremy Swayman with a rebound.
15:58 of 3rd period - Shot by Sean Walker.
15:58 of 3rd period - Shot Blocked by Quinton Hughes.
16:00 of 3rd period - Shot by Nicholas Paul.
16:00 of 3rd period - Shot Misses the Net.
16:02 of 3rd period - Shot by Alexis Lafreniere.
16:02 of 3rd period - Stopped by Jeremy Swayman without a rebound.
16:03 of 3rd period - Morgan Barron wins face-off versus Mats Zuccarello in BANFF WOLVES zone.
16:18 of 3rd period - Shot by John Tavares.
16:18 of 3rd period - Stopped by Ilya Samsonov without a rebound.
16:19 of 3rd period - Joel Eriksson Ek wins face-off versus MacKenzie Entwistle in KANSAS CITY KILLERBEES zone.
16:45 of 3rd period - Off-side.
16:46 of 3rd period - Morgan Barron wins face-off versus Roope Hintz in neutral zone.
16:46 of 3rd period - Morgan Barron is hit by Eric Staal.
16:52 of 3rd period - Shot by Roope Hintz.
16:52 of 3rd period - Shot Misses the Net.
16:58 of 3rd period - Shot by Adam Henrique.
16:58 of 3rd period - Stopped by Ilya Samsonov without a rebound.
16:59 of 3rd period - Mats Zuccarello wins face-off versus Tyler Johnson in KANSAS CITY KILLERBEES zone.
16:59 of 3rd period - Mats Zuccarello is hit by Daniel Walcott.
17:09 of 3rd period - Shot by Mats Zuccarello.
17:09 of 3rd period - Shot Misses the Net.
17:11 of 3rd period - Shot by Miro Heiskanen.
17:11 of 3rd period - Stopped by Ilya Samsonov without a rebound.
17:12 of 3rd period - Roope Hintz wins face-off versus Morgan Barron in KANSAS CITY KILLERBEES zone.
17:28 of 3rd period - Off-side.
17:29 of 3rd period - MacKenzie Entwistle wins face-off versus Joel Eriksson Ek in neutral zone.
17:36 of 3rd period - Shot by James van Riemsdyk.
17:36 of 3rd period - Shot Misses the Net.
17:47 of 3rd period - Icing by Mattias Ekholm.
17:48 of 3rd period - Roope Hintz wins face-off versus MacKenzie Entwistle in KANSAS CITY KILLERBEES zone.
19:18 of 3rd period - Shot by Joel Eriksson Ek.
19:18 of 3rd period - Stopped by Ilya Samsonov without a rebound.
19:19 of 3rd period - Tyler Johnson wins face-off versus Elias Lindholm in KANSAS CITY KILLERBEES zone.
19:19 of 3rd period - Tyler Johnson is hit by John Tavares.
19:47 of 3rd period - Shot by Tyler Johnson.
19:47 of 3rd period - Stopped by Jeremy Swayman without a rebound.
19:48 of 3rd period - Jordan Staal wins face-off versus Jaret Anderson-Dolan in BANFF WOLVES zone.
19:55 of 3rd period - Shot by Boone Jenner.
19:55 of 3rd period - Stopped by Jeremy Swayman without a rebound.
19:56 of 3rd period - Roope Hintz wins face-off versus MacKenzie Entwistle in BANFF WOLVES zone.
Goals for this period are 0 for KANSAS CITY KILLERBEES vs 0 for BANFF WOLVES.
Shots for this period are 8 for KANSAS CITY KILLERBEES vs 14 for BANFF WOLVES.

Overtime #1


0:01 of 1st overtime period - John Tavares wins face-off versus MacKenzie Entwistle in neutral zone.
1:28 of 1st overtime period - Shot by Miro Heiskanen.
1:28 of 1st overtime period - Stopped by Ilya Samsonov without a rebound.
1:29 of 1st overtime period - Nicholas Paul wins face-off versus John Tavares in KANSAS CITY KILLERBEES zone.
2:30 of 1st overtime period - Shot by Tyler Toffoli.
2:30 of 1st overtime period - Stopped by Ilya Samsonov without a rebound.
2:31 of 1st overtime period - Elias Lindholm wins face-off versus MacKenzie Entwistle in KANSAS CITY KILLERBEES zone.
3:26 of 1st overtime period - Shot by James van Riemsdyk.
3:26 of 1st overtime period - Deflect By Daniel Walcott.
3:26 of 1st overtime period - Shot Misses the Net.
3:34 of 1st overtime period - Shot by James van Riemsdyk.
3:34 of 1st overtime period - Shot Misses the Net.
3:36 of 1st overtime period - Shot by Mattias Ekholm.
3:36 of 1st overtime period - Shot Misses the Net.
4:29 of 1st overtime period - Icing by Mats Zuccarello.
4:30 of 1st overtime period - MacKenzie Entwistle wins face-off versus John Tavares in BANFF WOLVES zone.
Goals for this period are 0 for KANSAS CITY KILLERBEES vs 0 for BANFF WOLVES.
Shots for this period are 0 for KANSAS CITY KILLERBEES vs 2 for BANFF WOLVES.

ShootOut


5:00 of 1st overtime period - Round #1.
5:00 of 1st overtime period - KANSAS CITY KILLERBEES, Jakub Voracek.
5:00 of 1st overtime period - Stopped by Jeremy Swayman.
5:00 of 1st overtime period - BANFF WOLVES, Mats Zuccarello.
5:00 of 1st overtime period - Stopped by Ilya Samsonov.
5:00 of 1st overtime period - Round #2.
5:00 of 1st overtime period - KANSAS CITY KILLERBEES, Alexis Lafreniere.
5:00 of 1st overtime period - Stopped by Jeremy Swayman.
5:00 of 1st overtime period - BANFF WOLVES, Elias Lindholm.
5:00 of 1st overtime period - Goal by Elias Lindholm.
5:00 of 1st overtime period - Round #3.
5:00 of 1st overtime period - KANSAS CITY KILLERBEES, James van Riemsdyk.
5:00 of 1st overtime period - Stopped by Jeremy Swayman.


BLAKE
WHEELER
STEVEN
STAMKOS
DREW
DOUGHTY

EAST COAST

HOCKEY LEAGUE

  • 63.RHI2PIT5
  • 64.WOR4ATL3
  • 65.QUECHW
  • 66.CHATRV